 Dungeon Crawl Stone Soup version 0.21.1-1-g345015f (webtiles) character file.

47763 letownia2 the Impaler (level 14, -6/109 HPs)
             Began as a Merfolk Wizard on Mar 10, 2018.
             Was the Champion of Cheibriados.
             Mangled by a yak (12 damage)
             ... on level 6 of the Lair of Beasts on Mar 11, 2018.
             The game lasted 01:19:05 (10088 turns).

letownia2 the Impaler (Merfolk Wizard)             Turns: 10088, Time: 01:19:06

Health: -6/109     AC: 12    Str: 25    XL:     14   Next: 43%
Magic:  3/23       EV: 23    Int: 38    God:    Cheibriados [******]
Gold:   1455       SH:  0    Dex: 29    Spells: 1/25 levels left

rFire    . . .     SeeInvis .   E - +1 trident (vamp)
rCold    . . .     Gourm    .   (no shield)
rNeg     . . .     Faith    .   U - +1 ring mail {rPois}
rPois    +         Spirit   .   s - +1 helmet
rElec    .         Reflect  .   Q - +1 cloak
rCorr    .         Harm     .   n - +0 pair of gloves
MR       ++...                  (no boots)
Stlth    ++........             (no amulet)
HPRegen  0.28/turn              p - +5 ring of intelligence
MPRegen  0.18/turn              G - ring of protection from magic

@: lethally poisoned (-6 -> -13), deflect missiles, very slow
A: change form in water, swift swim, stealthy swim
a: Bend Time, Temporal Distortion, Slouch, Step From Time, Renounce Religion


You were on level 6 of the Lair of Beasts.
You worshipped Cheibriados.
Cheibriados was exalted by your worship.
You were not hungry.

You visited 5 branches of the dungeon, and saw 21 of its levels.
You also visited: Ossuary, Ice Cave and Volcano.

You collected 1455 gold pieces.

Inventory:

Hand Weapons
 a - a +3 trident of piercing
 b - a +0 glaive of freezing
 E - a +1 vampiric trident (weapon)
 R - a +1 spear of venom
Missiles
 w - 2 tomahawks (quivered)
 P - a throwing net
Armour
 m - a +2 chain mail of positive energy
 n - a +0 pair of gloves (worn)
 s - a +1 helmet (worn)
 F - a +2 chain mail of fire resistance
 Q - a +1 cloak (worn)
 U - a +1 ring mail of poison resistance (worn)
Jewellery
 p - a +5 ring of intelligence (left hand)
 G - a ring of protection from magic (right hand)
 T - an uncursed ring of protection from cold
Wands
 g - a wand of acid (6)
 C - a wand of digging (22)
 H - a wand of disintegration (12)
 I - a wand of scattershot (6)
 L - a wand of flame (41)
 N - a wand of enslavement (18)
Scrolls
 i - 3 scrolls of identify
 r - 5 scrolls of remove curse
 t - 5 scrolls of magic mapping
 u - a scroll of enchant armour
 v - 10 scrolls of teleportation
 x - 3 scrolls of enchant weapon
 D - a scroll of fear
 J - 3 scrolls of amnesia
Potions
 e - 3 potions of agility
 h - 4 potions of mutation
 j - 6 potions of curing
 k - 6 potions of heal wounds
 l - 3 potions of flight
 o - a potion of lignification
 z - 2 potions of might
 M - 3 potions of ambrosia
 O - 2 potions of berserk rage
Books
 c - a book of Minor Magic

   Spells                             Type                      Level
   a - Magic Dart                     Conjuration                  1
   b - Blink                          Translocation                2
   c - Call Imp                       Summoning                    2
   d - Slow                           Hexes                        2
   e - Conjure Flame                  Conjuration/Fire             3
   f - Mephitic Cloud                 Conjuration/Poison/Air       3
 f - a book of Enchantments

   Spells                             Type                      Level
   a - Cause Fear                     Hexes                        4
   b - Yara's Violent Unravelling     Hexes/Transmutation          5
   c - Silence                        Hexes/Air                    5
   d - Deflect Missiles               Charms/Air                   6
   e - Discord                        Hexes                        8
 A - a book of Geomancy

   Spells                             Type                      Level
   a - Sandblast                      Earth                        1
   b - Passwall                       Transmutation/Earth          2
   c - Stone Arrow                    Conjuration/Earth            3
   d - Petrify                        Transmutation/Earth          4
   e - Lee's Rapid Deconstruction     Earth                        5
 B - a book of Frost

   Spells                             Type                      Level
   a - Freeze                         Ice                          1
   b - Throw Frost                    Conjuration/Ice              2
   c - Ozocubu's Armour               Charms/Ice                   3
   d - Throw Icicle                   Conjuration/Ice              4
   e - Summon Ice Beast               Ice/Summoning                4
 K - a book of Callings

   Spells                             Type                      Level
   a - Summon Small Mammal            Summoning                    1
   b - Call Imp                       Summoning                    2
   c - Call Canine Familiar           Summoning                    3
   d - Summon Guardian Golem          Hexes/Summoning              3
   e - Summon Lightning Spire         Summoning/Air                4
   f - Summon Ice Beast               Ice/Summoning                4
 S - the Handbook of Nature
   (You found it on level 10 of the Dungeon)

   Spells                             Type                      Level
   a - Summon Small Mammal            Summoning                    1
   b - Beastly Appendage              Transmutation                1
   c - Call Canine Familiar           Summoning                    3
   d - Spider Form                    Transmutation/Poison         3
 V - the Volume of Cold
   (You found it in an ice cave)

   Spells                             Type                      Level
   a - Freeze                         Ice                          1
   b - Summon Ice Beast               Ice/Summoning                4
   c - Metabolic Englaciation         Hexes/Ice                    5
   d - Freezing Cloud                 Conjuration/Ice/Air          6
   e - Ozocubu's Refrigeration        Ice                          6
   f - Simulacrum                     Ice/Necromancy               6
Miscellaneous
 X - a phantom mirror
Comestibles
 d - 20 rations


   Skills:
 - Level 9.9 Fighting
 + Level 17.6 Polearms
 - Level 5.0 Armour
 - Level 11.4 Dodging
 - Level 2.1 Stealth
 - Level 6.4 Spellcasting
 - Level 1.7 Conjurations
 - Level 2.9 Hexes
 - Level 6.0 Charms
 - Level 2.0 Summonings
 - Level 1.8 Translocations
 - Level 1.5 Fire Magic
 - Level 5.7 Air Magic
 - Level 2.5 Poison Magic
 - Level 10.4 Invocations


You had one spell level left.
You knew the following spells:

 Your Spells              Type           Power        Failure   Level  Hunger
a - Magic Dart            Conj           ####         1%          1    None
b - Blink                 Tloc           N/A          3%          2    None
c - Conjure Flame         Conj/Fire      ###.....     6%          3    None
e - Mephitic Cloud        Conj/Pois/Air  #####...     3%          3    None
i - Call Imp              Summ           ####....     2%          2    None
r - Deflect Missiles      Chrm/Air       ######....   50%         6    ######.
s - Silence               Hex/Air        #####.....   19%         5    ####...
w - Passwall              Tmut/Erth      ##........   6%          2    None


Dungeon Overview and Level Annotations

Branches:
Dungeon (11/15)            Temple (1/1) D:7            Lair (6/6) D:11
 Shoals (0/4) Lair:4        Snake (1/4) Lair:4          Orc (2/2) D:10
  Slime: Lair:5-6       Elf: Orc:2

Altars:
Ashenzari
Cheibriados
Dithmenos
Fedhas
Gozag
Hepliaklqana
Kikubaaqudgha
Makhleb
Nemelex Xobeh
Okawaru
Sif Muna
Uskayaw
Vehumet
Wu Jian
Xom
Yredelemnul
Zin
The Shining One
Beogh

Shops:
D:4 %

Portals:
Trove: D:10 (give 13 scrolls of teleportation)

Annotations:
D:7 Prince Ribbit


Message History

Unknown command.
You hit the black mamba.
The black mamba is almost dead.
The black mamba bites you!
* * * LOW HITPOINT WARNING * * *
You are poisoned.
The black mamba poisons you! The yak gores you!
* * * LOW HITPOINT WARNING * * *
You miss the black mamba.
The black mamba is almost dead.
* * * LOW HITPOINT WARNING * * *
You feel sick. The black mamba misses you.
Unknown command.
Unknown command.
You puncture the black mamba!
You feel better.
You kill the black mamba!
Cheibriados thoroughly appreciates the change of pace.
* * * LOW HITPOINT WARNING * * *
You feel sick. The yak gores you!
You die...

##. #########.######
#.#.##P##.P#(.....#P####
................#......
......<........#.#..## #....#.
..............#.=.#..## #.....#
...............#=#..#.# #.....#
................#.....###.....#
...............†..#....##P....##
...............+@.......#......#
.........(.....Y#PP.#l....†...#
................####.#..#....#
...............#.# ##...†#†..##.
#.........PP.#### ##.PP........
......P.PP.## ##....P.....
....##....# #....##.... .P
#....# ##....# .... ##.. #....##
...


You could see a yak and a wyvern (confused).

Vanquished Creatures
  A frost giant (IceCv)
  A red draconian (Volcano)
  An ogre mage (Volcano)
  A naga warrior (Snake:1)
  3 hydras
  6 two-headed ogres
  2 death yaks (IceCv)
  Nergalle (Orc:2)
  An obsidian statue (Volcano)
  4 orc knights (Orc:2)
  An orc sorcerer (Orc:2)
  An ugly thing (D:11)
  An ice statue (IceCv)
  13 elephants (Lair:4)
  3 black mambas
  A gargoyle (D:11)
  6 spiny frogs
  A rime drake (Lair:5)
  7 komodo dragons
  The ghost of kaesh the Ruffian, an amateur TrFi (D:4)
  2 trolls
  17 polar bears
  3 hornets
  4 blink frogs (Lair:1)
  3 hippogriffs
  Sigmund (D:4)
  9 wyverns
  32 yaks
  3 basilisks
  4 fire bats (Volcano)
  A steam dragon (D:7)
  4 wargs (Orc:2)
  5 nagas
  10 water moccasins
  12 porcupines
  3 ice beasts (D:8)
  15 orc warriors
  3 black bears
  An eye of draining (D:10)
  3 sky beasts
  2 phantoms
  A necrophage (D:8)
  The ghost of Scuka the Poker, an amateur MfGl (D:3)
  22 wolves
  6 centaurs
  7 ogres
  3 crocodiles
  2 big kobolds
  2 elf zombies (Ossuary)
  10 bullfrogs
  2 scorpions
  2 oklob saplings (D:10)
  7 howler monkeys
  2 electric eels (D:8)
  5 crimson imps
  A human zombie (Ossuary)
  A centaur zombie (Ossuary)
  5 lava snakes (Volcano)
  A bullfrog zombie (D:8)
  2 water moccasin simulacra (D:8)
  8 hounds
  5 jellies
  7 orc priests
  Crazy Yiuf (D:2)
  2 centaur skeletons
  3 iguanas
  3 iron imps (D:6)
  19 orc wizards
  Jessica (D:3)
  Ijyb (D:3)
  8 worker ants
  A bullfrog simulacrum (D:8)
  2 big kobold zombies (Ossuary)
  A centaur simulacrum (D:8)
  3 hound skeletons
  2 mummies (Ossuary)
  Robin (D:2)
  3 gnolls
  A howler monkey skeleton (D:8)
  9 adders
  A hound simulacrum (D:8)
  2 shadow imps (D:8)
  5 white imps
  A worker ant simulacrum (D:8)
  2 ufetubi (D:8)
  An ooze (D:2)
  2 adder skeletons (D:5)
  An adder zombie (Ossuary)
  2 worms
  2 dart slugs
  4 leopard geckos
  82 orcs
  A bat (D:1)
  2 giant cockroaches
  10 goblins
  6 hobgoblins
  7 kobolds
  5 quokkas
  7 ball pythons
  A ball python skeleton (D:4)
  2 frilled lizards
  A goblin skeleton (D:9)
  A goblin zombie (D:9)
  11 hobgoblin zombies
  2 jackal zombies (Ossuary)
  13 kobold zombies
  9 orc zombies
  6 rats
  A rat zombie (Ossuary)
  2 fungi (D:11)
  A plant (D:10)
549 creatures vanquished.

Vanquished Creatures (collateral kills)
  2 adders (D:2)
  An ooze (D:1)
  2 hobgoblins
  A frilled lizard (D:1)
  4 goblins (D:2)
  A rat (D:1)
11 creatures vanquished.

Vanquished Creatures (others)
  A yak (Lair:4)
  A shadow imp (D:7)
  A ball lightning (IceCv)
  An orc (Orc:2)
  24 fungi
  10 plants
38 creatures vanquished.

Grand Total: 598 creatures vanquished

Notes
Turn   | Place    | Note
-------+----------+-------------------------------------------
     0 | D:1      | letownia2 the Merfolk Wizard began the quest for the Orb.
     0 | D:1      | Reached XP level 1. HP: 13/13 MP: 4/4
    44 | D:1      | Reached skill level 1 in Conjurations
   188 | D:1      | Reached XP level 2. HP: 14/19 MP: 0/6
   205 | D:1      | Learned a level 2 spell: Call Imp
   382 | D:2      | Reached skill level 1 in Polearms
   389 | D:2      | Noticed Robin
   390 | D:2      | Reached XP level 3. HP: 18/24 MP: 4/7
   400 | D:2      | Reached skill level 2 in Polearms
   431 | D:2      | Learned a level 3 spell: Mephitic Cloud
   440 | D:2      | Killed Robin
   464 | D:2      | Found a hide-covered altar of Uskayaw.
   464 | D:2      | Noticed a dagger
   466 | D:2      | Noticed a dagger
   484 | D:2      | Reached skill level 3 in Polearms
   562 | D:2      | Reached XP level 4. HP: 12/30 MP: 5/8
   608 | D:2      | Learned a level 3 spell: Conjure Flame
   616 | D:3      | Noticed Scuka's ghost (amateur MfGl)
   637 | D:3      | Noticed Ijyb
   700 | D:2      | Found a runed door.
   704 | D:2      | Noticed Crazy Yiuf
   718 | D:2      | Killed Crazy Yiuf
   718 | D:2      | Reached skill level 1 in Poison Magic
   937 | D:3      | Killed Ijyb
   937 | D:3      | Reached skill level 1 in Air Magic
   937 | D:3      | Reached XP level 5. HP: 35/35 MP: 3/9
   970 | D:2      | Reached skill level 4 in Polearms
  1028 | D:3      | Reached skill level 1 in Fire Magic
  1032 | D:3      | Noticed Jessica
  1043 | D:3      | Killed Jessica
  1177 | D:3      | Killed Scuka's ghost
  1177 | D:3      | Reached XP level 6. HP: 31/41 MP: 1/10
  1181 | D:3      | Learned a level 2 spell: Blink
  1411 | D:4      | Noticed kaesh's ghost (amateur TrFi)
  1426 | D:4      | Killed kaesh's ghost
  1426 | D:4      | Reached skill level 6 in Polearms
  1426 | D:4      | Reached XP level 7. HP: 26/51 MP: 2/11
  1490 | D:5      | Entered Level 5 of the Dungeon
  1521 | D:5      | Reached skill level 1 in Translocations
  1676 | D:5      | Reached skill level 7 in Polearms
  1757 | D:4      | Reached XP level 8. HP: 42/57 MP: 9/13
  1957 | D:4      | Found an opulent altar of Gozag.
  1979 | D:4      | Found Kasunorph's Food Shop.
  2006 | D:4      | Noticed Sigmund
  2068 | D:4      | Reached skill level 8 in Polearms
  2095 | D:4      | Killed Sigmund
  2225 | D:5      | Reached skill level 9 in Polearms
  2711 | D:5      | Found a sparkling altar of Nemelex Xobeh.
  2711 | D:5      | Found an iron altar of Okawaru.
  3013 | D:6      | Reached skill level 10 in Polearms
  3169 | D:6      | Reached skill level 11 in Polearms
  3183 | D:6      | Reached XP level 9. HP: 56/62 MP: 5/15
  3376 | D:6      | Found a hazy altar of Hepliaklqana.
  3415 | D:6      | Found an ancient bone altar of Kikubaaqudgha.
  3443 | D:6      | Found a burning altar of Makhleb.
  3467 | D:6      | Reached skill level 12 in Polearms
  3499 | D:6      | Found a basalt altar of Yredelemnul.
  3778 | D:7      | Found a radiant altar of Vehumet.
  3818 | D:7      | Reached skill level 13 in Polearms
  3991 | D:7      | Found a staircase to the Ecumenical Temple.
  4000 | Temple   | Entered the Ecumenical Temple
  4006 | Temple   | Became a worshipper of Cheibriados the Contemplative
  4183 | D:8      | Reached skill level 14 in Polearms
  4279 | D:8      | Reached * piety under Cheibriados
  4290 | D:8      | Found a snail-covered altar of Cheibriados.
  4305 | D:8      | Noticed a two-headed ogre
  4368 | D:8      | Killed a two-headed ogre
  4368 | D:8      | Reached skill level 5 in Fighting
  4368 | D:8      | Reached XP level 10. HP: 39/75 MP: 4/16
  4524 | D:8      | Found a sand-covered staircase.
  4558 | Ossuary  | Entered an ossuary
  4603 | Ossuary  | Reached ** piety under Cheibriados
  4658 | Ossuary  | Reached skill level 5 in Spellcasting
  4884 | D:8      | Reached *** piety under Cheibriados
  4884 | D:8      | Reached skill level 1 in Armour
  5003 | D:7      | Noticed Prince Ribbit
  5318 | D:8      | Reached **** piety under Cheibriados
  5660 | D:9      | Found a shattered altar of Ashenzari.
  5693 | D:9      | Reached XP level 11. HP: 72/83 MP: 20/20
  5720 | D:9      | Found a glowing golden altar of the Shining One.
  5863 | D:9      | Noticed a two-headed ogre
  5881 | D:9      | Killed a two-headed ogre
  5900 | D:9      | Found a deep blue altar of Sif Muna.
  5900 | D:9      | Found a shimmering altar of Xom.
  6003 | D:9      | Found an ornate altar of the Wu Jian Council.
  6049 | D:10     | Entered Level 10 of the Dungeon
  6332 | D:10     | Found a blossoming altar of Fedhas.
  6384 | D:10     | Reached ***** piety under Cheibriados
  6386 | D:10     | Identified the Handbook of Nature
  6531 | D:10     | Found a portal to a secret trove of treasure.
  6679 | D:10     | Reached skill level 1 in Invocations
  6687 | D:10     | Found a staircase to the Orcish Mines.
  6710 | Orc:1    | Entered Level 1 of the Orcish Mines
  6766 | Orc:1    | Noticed a two-headed ogre
  6776 | Orc:1    | Killed a two-headed ogre
  6873 | Orc:2    | Entered Level 2 of the Orcish Mines
  6874 | Orc:2    | Noticed an orc sorcerer
  6889 | Orc:2    | Killed an orc sorcerer
  6894 | Orc:2    | Reached skill level 5 in Invocations
  6901 | Orc:2    | Noticed an orc knight
  6907 | Orc:2    | Noticed an orc knight
  6955 | Orc:2    | Killed an orc knight
  6978 | Orc:2    | Killed an orc knight
  7036 | Orc:2    | Found a roughly hewn altar of Beogh.
  7055 | Orc:2    | Noticed an orc knight
  7062 | Orc:2    | Noticed an orc knight
  7069 | Orc:2    | Killed an orc knight
  7069 | Orc:2    | Reached ****** piety under Cheibriados
  7117 | Orc:2    | Killed an orc knight
  7139 | Orc:2    | Noticed Nergalle
  7158 | Orc:2    | Noticed an orc warlord
  7165 | Orc:2    | Killed Nergalle
  7165 | Orc:2    | Reached XP level 12. HP: 69/92 MP: 3/21
  7401 | D:11     | Reached skill level 10 in Invocations
  7420 | D:11     | Found a staircase to the Lair.
  7446 | D:11     | Learned a level 2 spell: Passwall
  7447 | Lair:1   | Entered Level 1 of the Lair of Beasts
  7506 | Lair:1   | Noticed a four-headed hydra
  7512 | Lair:1   | Killed a four-headed hydra
  7642 | Lair:2   | Reached skill level 10 in Dodging
  7814 | Lair:3   | Learned a level 5 spell: Silence
  8070 | Lair:2   | Reached skill level 1 in Hexes
  8389 | Lair:4   | Reached XP level 13. HP: 88/101 MP: 22/22
  8467 | Lair:4   | Reached skill level 5 in Armour
  8487 | Lair:4   | Found a staircase to the Shoals.
  8509 | Lair:4   | Learned a level 6 spell: Deflect Missiles
  8545 | Lair:4   | Reached skill level 1 in Charms
  8718 | Lair:4   | Found a staircase to the Snake Pit.
  8730 | Snake:1  | Entered Level 1 of the Snake Pit
  8912 | Lair:5   | Found a dark tunnel.
  8919 | Volcano  | Entered a volcano
  9073 | Volcano  | Reached skill level 5 in Air Magic
  9106 | Volcano  | Noticed a red draconian
  9112 | Volcano  | Reached skill level 5 in Charms
  9125 | Volcano  | Noticed an ogre mage
  9140 | Volcano  | Killed an ogre mage
  9142 | Volcano  | Killed a red draconian
  9173 | Volcano  | Found a bloodstained altar of Trog.
  9316 | Lair:6   | Entered Level 6 of the Lair of Beasts
  9319 | Lair:6   | Found a frozen archway.
  9340 | IceCv    | Entered an ice cave
  9553 | IceCv    | Reached skill level 15 in Polearms
  9553 | IceCv    | Reached XP level 14. HP: 109/109 MP: 19/23
  9801 | IceCv    | Reached skill level 16 in Polearms
  9855 | IceCv    | Noticed a frost giant
  9874 | IceCv    | Killed a frost giant
  9917 | IceCv    | Identified the Volume of Cold
  9984 | Lair:6   | HP: 1/109 [eight-headed hydra (10)]
  9986 | Lair:6   | Reached skill level 17 in Polearms
 10086 | Lair:6   | HP: 4/109 [yak (13)]
 10088 | Lair:6   | Mangled by a yak

Skill      XL: |  1  2  3  4  5  6  7  8  9 10 11 12 13 14 |
---------------+-------------------------------------------+-----
Conjurations   | 1 |  1.7
Polearms       | 1 3 4 6 7 11 14 15 17 | 17.6
Poison Magic   | 1 2 |  2.5
Air Magic      | 1 2 5 |  5.7
Fire Magic     | 1 |  1.5
Fighting       | 2 5 6 7 9 |  9.9
Summonings     | 2 |  2.0
Translocations | 1 |  1.8
Spellcasting   | 4 6 |  6.4
Dodging        | 6 7 9 11 | 11.4
Armour         | 2 4 5 |  5.0
Invocations    | 8 10 | 10.4
Hexes          | 1 2 |  2.9
Charms         | 6 |  6.0
Stealth        | |  2.1

Action                   |  1- 3 |  4- 6 |  7- 9 | 10-12 | 13-15 || total
-------------------------+-------+-------+-------+-------+-------++-------
Melee: Unarmed           |    29 |       |       |       |       ||    29
       Tailslap          |     4 |       |       |    25 |       ||    29
       Spear             |    34 |   130 |   478 |   648 |       ||  1290
       Trident           |       |       |       |   411 |   489 ||   900
       Glaive            |       |       |       |       |    58 ||    58
Throw: Tomahawk          |       |       |     1 |     5 |     6 ||    12
 Cast: Magic Dart        |    24 |     1 |     1 |       |    28 ||    54
       Call Imp          |     4 |       |     1 |       |       ||     5
       Mephitic Cloud    |       |     6 |    19 |    61 |    37 ||   123
       Conjure Flame     |       |     6 |    18 |    35 |    25 ||    84
       Blink             |       |       |     3 |    12 |    10 ||    25
       Deflect Missiles  |       |       |       |       |     1 ||     1
Invok: Slouch            |       |       |       |     1 |     1 ||     2
Evoke: Wand              |       |       |       |    18 |     4 ||    22
  Use: Scroll            |       |     7 |     1 |     7 |     6 ||    21
       Potion            |       |       |       |     3 |     4 ||     7
 Stab: Confused          |       |       |    19 |    73 |    45 ||   137
       Sleeping          |       |       |     2 |     2 |     2 ||     6
       Distracted        |       |       |       |     4 |       ||     4
       Invisible         |       |       |       |       |     3 ||     3
  Eat: Chunk             |       |     3 |    11 |     9 |     5 ||    28
       Ration            |       |       |       |       |     2 ||     2
Armor: Robe              |    17 |     7 |    10 |       |       ||    34
       Leather armour    |       |       |    23 |     5 |       ||    28
       Ring mail         |       |       |       |    86 |    62 ||   148
Dodge: Dodged            |    35 |    30 |   110 |   423 |   329 ||   927
       Deflected         |       |       |       |       |     2 ||     2
